 Dungeon Crawl Stone Soup version 0.30-b1-2-g02819fbbbe (webtiles) character file.

Game seed: 7076113920945615995

179 psychodelta the Covered (level 5, -31/47 HPs)
             Began as a Minotaur Fighter on May 15, 2023.
             Annihilated by an ogre
             ... wielding a +0 giant spiked club
              (36 damage)
             ... on level 3 of the Dungeon.
             The game lasted 00:02:42 (2516 turns).

psychodelta the Covered (Minotaur Fighter)          Turns: 2516, Time: 00:02:42

Health: -31/47     AC:  7    Str: 23    XL:     5   Next: 32%
Magic:  4/4        EV: 10    Int:  5    God:
Gold:   164        SH:  4    Dex:  9    Spells: 4/4 levels left

rFire   . . .        j - +0 hand axe (elec)
rCold   . . .        c - +0 buckler
rNeg    . . .        b - +0 scale mail
rPois   .            (helmet restricted)
rElec   .            (no cloak)
rCorr   .            (no gloves)
SInv    .            (no boots)
Will    .....        (no amulet) Stlth
                     (no ring)
HPRegen 0.27/turn    (no ring)
MPRegen 0.09/turn

%: no passive effects
@: no status effects
A: horns 2, retaliatory headbutt
a: no special abilities


You were on level 3 of the Dungeon.
You visited 1 branch of the dungeon, and saw 4 of its levels.

You collected 164 gold pieces.

Inventory:

Hand Weapons
 a - a +0 war axe
 j - a +0 hand axe of electrocution (weapon)
Armour
 b - a +0 scale mail (worn)
 c - a +0 buckler (worn)
Jewellery
 r - a ring of wizardry
Scrolls
 e - 2 scrolls of identify {unknown}
 f - 3 scrolls of immolation {unknown}
 g - 2 scrolls of fog {unknown}
 h - 2 scrolls of blinking {unknown}
 k - a scroll of torment {unknown}
 l - a scroll of teleportation {unknown}
 n - a scroll of enchant armour {unknown}
 q - a scroll of enchant weapon {unknown}
Potions
 d - a potion of might
 i - 2 potions of curing {unknown}
 m - a potion of heal wounds {unknown}
 o - 2 potions of berserk rage {unknown}
 p - a potion of flight {unknown}


   Skills:
 + Level 4.6 Fighting
 + Level 4.2 Axes
 + Level 4.8 Armour
 + Level 1.2 Dodging
 + Level 0.2 Stealth
 + Level 4.3 Shields


You had 4 spell levels left.
You didn't know any spells.
Your spell library contained the following spells:

 Spells                   Type           Power      Damage    Failure   Level
 Shock                    Conj/Air       0%         1d3       83%         1
 Swiftness                Air            0%         N/A       99%         3
 Airstrike                Air            0%         2d(0-16)  100%        4


Dungeon Overview and Level Annotations

Branches:
Dungeon (4/15)
 Temple: D:4-7

Altars:


Innate Abilities, Weirdness & Mutations

You have a pair of horns on your head.
You reflexively headbutt those who attack you in melee.


Message History

There are monsters nearby!
There are monsters nearby!
There are monsters nearby!
There are monsters nearby!
There are monsters nearby!
There are monsters nearby!
There are monsters nearby!
There are monsters nearby!
There are monsters nearby!
Something hits you but does no damage.
The orc priest looks satisfied for a moment.
Items here: ))) [ ÷÷÷.
There are monsters nearby!
Something hits you but does no damage.
There is a stone staircase leading up here.
You start resting.
There are monsters nearby!
You miss something. Something hits you.
You hit something. Your headbutt misses something. Something hits you.
The orc priest looks braver for a moment.
You hit something but do no damage. Lightning courses through something!
Reactivating autopickup.
You feel a bit more experienced. You block the ogre's attack.
You climb upwards.
There is a stone staircase leading down here.
You hit the ogre but do no damage.
The ogre hits you with a +0 giant spiked club.
You hit the ogre but do no damage. You headbutt the ogre.
The ogre is lightly wounded.
You completely miss the ogre.
The ogre is lightly wounded.
The ogre hits you with a +0 giant spiked club!!
Ouch! That really hurt!
* * * LOW HITPOINT WARNING * * *
You barely miss the ogre.
The ogre is lightly wounded.
The ogre hits you with a +0 giant spiked club!!!
Ouch! That really hurt!
You die...

.........###.............(......#
......##..##............#..###...
>.....###..#<...........##.# ###.
##.#### ##.<............#### ##
#..#######.............#
##..........[..........#
#############........##
#O÷.......# #.@.......#
#...).....# #.).......#
#.........# ##.......## ##.....##
#######


You could see an ogre.

Vanquished Creatures
  A hound (D:4)
  An orc priest (D:4)
  An orc wizard (D:4)
  An adder (D:2)
  2 worms (D:2)
  2 dart slugs
  4 orcs
  5 bats
  4 endoplasms
  3 giant cockroaches
  8 goblins
  3 hobgoblins
  9 jackals
  3 kobolds
  A quokka (D:3)
  8 ball pythons
  5 frilled lizards
  8 rats
69 creatures vanquished.

Notes
Turn   | Place    | Note
-------+----------+-------------------------------------------
     0 | D:1      | psychodelta the Minotaur Fighter began the quest for the
                  | Orb.
     0 | D:1      | Reached XP level 1. HP: 19/19 MP: 0/0
   166 | D:1      | Reached XP level 2. HP: 26/27 MP: 1/1
   515 | D:1      | Reached XP level 3. HP: 33/33 MP: 2/2
  1518 | D:2      | Reached XP level 4. HP: 41/41 MP: 3/3
  2446 | D:4      | Reached skill level 1 in Dodging
  2446 | D:4      | Reached XP level 5. HP: 43/47 MP: 4/4
  2446 | D:4      | Noticed an ogre
  2516 | D:3      | Annihilated by an ogre

Illustrated notes

Levels and vault maps discovered:
D:1:      minmay_arrival_open_corners, layout_basic
D:2:      layout_basic, amcnicky_mini_rare_corridor_liquid
D:3:      layout_rooms, minmay_liquid_box
D:4:      layout_loops_ring

Skill      XL: |  1  2  3  4 |
---------------+-------------+-----
Fighting       | 4 |  4.6
Shields        | 4 |  4.3
Armour         | 4 |  4.8
Axes           | 3 4 |  4.2
Dodging        | 1 |  1.2
Stealth        | |  0.2

Action                     |  1- 3 |  4- 6 || total
---------------------------+-------+-------++-------
  Melee: War axe           |    76 |       ||    76
         Headbutt          |     9 |     6 ||    15
         Hand axe          |    17 |    53 ||    70
 Armour: Scale mail        |    58 |    25 ||    83
  Dodge: Dodged            |    42 |    25 ||    67
  Block: Buckler           |    34 |     6 ||    40
